 Dungeon Crawl Stone Soup version 0.29.1-12-g30fa7ad0bf (webtiles) character file.

Game seed: 16825410155298133492

1568 mopl the Covert (level 8, -1/50 HPs)
             Began as an Octopode Brigand on Dec 29, 2022.
             Slain by a sky beast (6 damage)
             ... on level 6 of the Dungeon.
             The game lasted 00:05:35 (4167 turns).

mopl the Covert (Octopode Brigand)                  Turns: 4167, Time: 00:05:35

Health: -1/50      AC:  1    Str: 10    XL:     8   Next: 90%
Magic:  8/8        EV: 20    Int: 22    God:
Gold:   242        SH:  0    Dex: 19    Spells: 7/7 levels left

rFire   . . .      SeeInvis .   a - +2 dagger (venom)
rCold   . . .      Faith    .   (no shield)
rNeg    . . .      Spirit   .   (helmet restricted)
rPois   .          Reflect  .   f - amulet of magic regeneration
rElec   .          Harm     .   l - +6 ring of intelligence
rCorr   .          Rampage  .   n - +6 ring of dexterity
Will    +....                   o - +4 ring of evasion
Stlth   +++++.....              w - ring of willpower
HPRegen 0.16/turn               (no ring)
MPRegen 0.51/turn               (no ring)
                                (no ring)
                                (no ring)

@: no status effects
A: almost no armour, amphibious, 8 rings, camouflage 1, gelatinous body 1,
(nimble swimmer 1), tentacles
a: no special abilities


You were on level 6 of the Dungeon.
You visited 1 branch of the dungeon, and saw 6 of its levels.

You collected 242 gold pieces.

Inventory:

Hand Weapons
 a - a +2 dagger of venom (weapon)
 j - a +2 dagger
 D - a +2 dagger of flaming
Missiles
 b - 17 poisoned darts (quivered)
 c - 6 curare-tipped darts
Magical Staves
 q - a staff of death
Jewellery
 f - an amulet of magic regeneration (around mantle)
 l - a +6 ring of intelligence (left tentacle)
 n - a +6 ring of dexterity (right tentacle)
 o - a +4 ring of evasion (on tentacle)
 w - a ring of willpower (on tentacle)
Wands
 d - a wand of flame (16)
 v - a wand of iceblast (3)
Scrolls
 g - 3 scrolls of poison {unknown}
 h - a scroll of acquirement {unknown}
 i - a scroll of enchant weapon {unknown}
 k - 2 scrolls of magic mapping {unknown}
 m - a scroll of immolation {unknown}
 r - 2 scrolls of noise {unknown}
 s - a scroll of brand weapon {unknown}
 x - a scroll of fog {unknown}
 y - a scroll of amnesia {unknown}
 E - a scroll of fear {unknown}
 F - a scroll of teleportation {unknown}
 G - a scroll of vulnerability {unknown}
Potions
 e - 3 potions of lignification {unknown}
 p - a potion of might {unknown}
 t - a potion of flight {unknown}
 u - a potion of curing
 z - 3 potions of heal wounds
 A - a potion of brilliance
 B - a potion of magic
 C - a potion of resistance


   Skills:
 - Level 2.0 Fighting
 + Level 5.7 Short Blades
 + Level 5.7 Throwing
 + Level 5.3 Dodging
 + Level 9.4 Stealth


You had 7 spell levels left.
You didn't know any spells.
Your spell library contained the following spells:

 Spells                   Type           Power      Damage    Failure   Level
 Beastly Appendage        Tmut           0%         N/A       17%         1
 Freeze                   Ice            0%         1d3       17%         1
 Slow                     Hex            0%         N/A       17%         1
 Wereblood                Tmut           0%         N/A       26%         2
 Confusing Touch          Hex            0%         N/A       45%         3
 Frozen Ramparts          Ice            0%         1d1       45%         3
 Spider Form              Tmut/Pois      0%         N/A       45%         3
 Vampiric Draining        Necr           0%         2d6       45%         3
 Hailstorm                Conj/Ice       0%         3d3       86%         4
 Ice Form                 Ice/Tmut       0%         N/A       86%         4
 Summon Ice Beast         Ice/Summ       0%         N/A       86%         4


Dungeon Overview and Level Annotations

Branches:
Dungeon (6/15)
 Temple: D:4-7

Altars:


Innate Abilities, Weirdness & Mutations

You cannot wear most types of armour.
You are amphibious.
You can wear up to eight rings at the same time.
Your skin changes colour to match your surroundings (Stealth+).
Your rubbery body absorbs attacks. (AC +1, EV +1)
((You are camouflaged when in or above water. (Stealth+)))
You have tentacles for arms and can constrict up to eight enemies at once.


Message History

Aim: a sky beast (wandering, hasn't noticed you, 54% to hit)
You throw a poisoned dart. The poisoned dart hits the sky beast.
The sky beast is poisoned.
Unknown command.
You hit the sky beast but do no damage.
The sky beast is lightly wounded.
You hit the sky beast.
The sky beast looks even sicker.
The sky beast is lightly wounded.
The sky beast misses you.
You barely miss the sky beast.
The sky beast is lightly wounded.
The sky beast flickers out of sight!
Deactivating autopickup; reactivate with Ctrl-A.
Something barely misses you.
No target in view!
No target in view!
No target in view!
No target in view!
You hit something. Something hits you. Something shocks you.
You hit something. You miss something. Your squeeze misses something.
A sky beast appears from thin air!
Reactivating autopickup.
The sky beast hits you. The sky beast shocks you.
You closely miss the sky beast. Your squeeze misses the sky beast.
The sky beast is heavily wounded.
The sky beast hits you. The sky beast shocks you.
You hit the sky beast.
The sky beast looks as sick as possible!
The sky beast is heavily wounded.
The sky beast hits you.
* * * LOW HITPOINT WARNING * * *
The sky beast shocks you.
* * * LOW HITPOINT WARNING * * *
The sky beast attacks as you move away! The sky beast barely misses you.
The sky beast attacks as you move away! The sky beast completely misses you.
The sky beast attacks as you move away! The sky beast hits you.
* * * LOW HITPOINT WARNING * * *
The sky beast shocks you.
You die...

#........#...#...#(...#
...###.#...#...#...#..#
.........#...#...#.[..#
.......#...#...#...#.##
.........#...#...#...#
.......#...#...#...#.#
....###..#...#...#..##
.... #....#...#Y.###
..## #......#..@## ..
#.......#..#
#......##.##
#......##'####
#............#
#............#
#####.......>#
#........# #........#


You could see a sky beast (very poisoned).

Vanquished Creatures
  Grinder (D:5)
  Sigmund (D:5)
  Menkaure (D:4)
  An ogre (D:5)
  2 black bears
  2 phantoms
  Blork the orc (D:4)
  A necrophage (D:5)
  A scorpion (D:5)
  Crazy Yiuf (D:4)
  3 hounds
  4 iguanas
  2 orc wizards
  4 gnolls
  5 adders
  A white imp (D:6)
  An ufetubus (D:6)
  5 worms
  4 dart slugs
  10 orcs
  11 endoplasms
  3 giant cockroaches
  10 goblins
  6 hobgoblins
  4 quokkas
  12 ball pythons
  6 bats
  2 frilled lizards
  10 kobolds
  A rat (D:3)
116 creatures vanquished.

Vanquished Creatures (others)
  A plant (D:6)
1 creature vanquished.

Grand Total: 117 creatures vanquished

Notes
Turn   | Place    | Note
-------+----------+-------------------------------------------
     0 | D:1      | mopl the Octopode Brigand began the quest for the Orb.
     0 | D:1      | Reached XP level 1. HP: 14/14 MP: 1/1
     7 | D:1      | Found a faded altar of an unknown god.
   212 | D:1      | Reached XP level 2. HP: 12/19 MP: 2/2
   716 | D:2      | Reached XP level 3. HP: 24/24 MP: 3/3
  1144 | D:2      | Reached skill level 2 in Dodging
  1144 | D:2      | Reached XP level 4. HP: 29/29 MP: 4/4
  1168 | D:2      | Reached skill level 6 in Stealth
  1725 | D:3      | Reached skill level 3 in Short Blades
  1725 | D:3      | Reached skill level 3 in Throwing
  1748 | D:3      | Reached XP level 5. HP: 32/34 MP: 5/5
  2348 | D:4      | Reached XP level 6. HP: 38/39 MP: 6/6
  2364 | D:4      | Noticed a black bear
  2549 | D:4      | Noticed Menkaure
  2561 | D:4      | Killed Menkaure
  2562 | D:4      | Reached skill level 3 in Dodging
  2562 | D:4      | Reached skill level 7 in Stealth
  2620 | D:4      | Reached skill level 4 in Short Blades
  2620 | D:4      | Reached XP level 7. HP: 36/45 MP: 7/7
  2712 | D:4      | Reached skill level 4 in Throwing
  2769 | D:4      | Noticed Blork the orc
  2772 | D:4      | Killed Blork the orc
  3084 | D:4      | Found a runed translucent door.
  3085 | D:4      | Noticed Crazy Yiuf
  3092 | D:4      | Killed Crazy Yiuf
  3093 | D:4      | Reached skill level 4 in Dodging
  3150 | D:5      | Entered Level 5 of the Dungeon
  3155 | D:5      | Reached skill level 8 in Stealth
  3402 | D:5      | Reached XP level 8. HP: 25/50 MP: 8/8
  3638 | D:5      | Noticed Grinder
  3654 | D:5      | Killed Grinder
  3655 | D:5      | Reached skill level 5 in Short Blades
  3655 | D:5      | Reached skill level 5 in Throwing
  3875 | D:5      | Reached skill level 5 in Dodging
  3875 | D:5      | Reached skill level 9 in Stealth
  3961 | D:5      | Noticed Sigmund
  3968 | D:5      | Killed Sigmund
  4000 | D:6      | Noticed a yak
  4167 | D:6      | Slain by a sky beast

Illustrated notes

Levels and vault maps discovered:
D:1:      nzn_arrival_crosshair, layout_basic, hellmonk_ecumenical_altar_run_dry
D:2:      layout_rooms, minmay_misc_feat_doors, minmay_misc_feat_rugged
D:3:      minmay_bubble_buster, layout_basic
D:4:      layout_loops_corners, uniq_menkaure, uniq_blork_the_orc,
          uniq_crazy_yiuf_cottage
D:5:      layout_gridville, uniq_grinder, uniq_sigmund
D:6:      minmay_cornered_nines, layout_basic, minmay_temple_entry_mist,
          serial_shops, nicolae_shop_overgrown_old_shop, hex_medium

Skill      XL: |  1  2  3  4  5  6  7  8 |
---------------+-------------------------+-----
Dodging        | 2 3 4 5 |  5.3
Stealth        | 6 7 8 9 |  9.4
Short Blades   | 3 4 5 |  5.7
Throwing       | 3 4 5 |  5.7
Fighting       | |  2.0

Action                   |  1- 3 |  4- 6 |  7- 9 || total
-------------------------+-------+-------+-------++-------
Melee: Dagger            |    59 |   108 |    77 ||   244
       Constrict         |    17 |    23 |    11 ||    51
       Tentacles         |    13 |    14 |    16 ||    43
       Punch             |     2 |     4 |     3 ||     9
Throw: Dart              |       |       |     3 ||     3
  Use: Scroll            |       |     5 |       ||     5
 Stab: Sleeping          |     9 |    19 |    11 ||    39
       Distracted        |       |       |     1 ||     1
Armor: Skin              |     1 |     2 |     4 ||     7
Dodge: Dodged            |    24 |    54 |    51 ||   129
